 Dungeon Crawl Stone Soup version 0.20.0-7-g3b7b877 (webtiles) character file.

2842 shmeve the Skirmisher (level 9, -8/59 HPs)
             Began as a Gargoyle Berserker on May 28, 2017.
             Was an Elder of Trog.
             Killed by divine providence
             ... invoked by an orc priest
              (16 damage)
             ... on level 8 of the Dungeon.
             The game lasted 00:16:30 (8117 turns).

shmeve the Skirmisher (Gargoyle Berserker)          Turns: 8117, Time: 00:16:31

Health: -8/59      AC: 23    Str: 25    XL:     9   Next: 74%
Magic:  9/9        EV:  7    Int:  7    God:    Trog [****..]
Gold:   320        SH: 11    Dex:  9    Spells: 8/8 levels left

rFire    . . .     SeeInvis .   x - +0 war axe
rCold    . . .     Gourm    .   d - +0 shield
rNeg     + . .     Faith    .   k - +4 plate armour
rPois    ∞         Spirit   .   (no helmet)
rElec    +         Reflect  .   (no cloak)
rCorr    .         Harm     .   (no gloves)
MR       .....                  n - +0 pair of boots
Stlth    ..........             (no amulet)
Regen    0.2/turn               (no ring)
MPRegen  0.2/turn               (no ring)

@: berserk cooldown, slowed, very slow
A: negative energy resistance 1, electricity resistance, unbreathing,
petrification resistance, rot immunity, AC +5
a: Berserk, Trog's Hand, Brothers in Arms, Burn Spellbooks, Renounce Religion


You were on level 8 of the Dungeon.
You worshipped Trog.
Trog was greatly pleased with you.
You were not hungry.

You visited 2 branches of the dungeon, and saw 9 of its levels.

You collected 320 gold pieces.

Inventory:

Hand Weapons
 x - a +0 war axe (weapon)
Armour
 d - a +0 shield (worn)
 k - a +4 plate armour (worn)
 n - a +0 pair of boots (worn)
Wands
 s - a wand of flame (36/48)
 u - a wand of acid (1/15)
Scrolls
 g - 9 scrolls of identify {unknown}
 h - a scroll of teleportation {unknown}
 j - 2 scrolls of amnesia {unknown}
 l - 3 scrolls of recharging {unknown}
 m - 2 scrolls of random uselessness {unknown}
 o - 2 scrolls of fog {unknown}
 p - a scroll of enchant weapon {unknown}
 q - 5 scrolls of remove curse {unknown}
 A - a scroll of summoning {unknown}
Potions
 a - 4 potions of agility {unknown}
 b - 3 potions of heal wounds {unknown}
 e - a potion of magic {unknown}
 f - a potion of brilliance {unknown}
 i - a potion of haste
 t - a potion of ambrosia {unknown}
 v - a potion of berserk rage {unknown}
 w - 2 potions of cancellation {unknown}
 z - a potion of flight {unknown}
 B - a potion of curing
Books
 y - a book of Misfortune

   Spells                             Type                      Level
   a - Confusing Touch                Hexes                        1
   b - Confuse                        Hexes                        3
   c - Gell's Gravitas                Translocation                3
   d - Petrify                        Transmutation/Earth          4
   e - Metabolic Englaciation         Hexes/Ice                    5
   f - Yara's Violent Unravelling     Hexes/Transmutation          5
   Trog disapproves of the use of such an item.
Comestibles
 c - 3 bread rations
 r - 2 meat rations
 C - 11 royal jellies
 D - 2 chunks of flesh


   Skills:
 * Level 7.8 Fighting
 * Level 6.5 Axes
 + Level 5.3 Armour
 + Level 3.8 Dodging
 * Level 7.6 Shields


You had 8 spell levels left.
You didn't know any spells.

Dungeon Overview and Level Annotations

Branches:
Dungeon (8/15)             Temple (1/1) D:5
   Lair: D:8-11

Altars:
Cheibriados
Dithmenos
Fedhas
Kikubaaqudgha
Makhleb
Nemelex Xobeh
Okawaru
Ru
Sif Muna
Uskayaw
Yredelemnul
Zin
The Shining One
Beogh

Annotations:
D:6 2 transporters


Innate Abilities, Weirdness & Mutations

You are resistant to torment.
Your stone body is resilient. (AC +5)
You are immune to poison.
You resist negative energy. (rN+)
You are resistant to electric shocks. (rElec)
You can survive without breathing.
You are immune to petrification.
You are immune to rotting.


Message History

You block the orc's attack. The orc warrior barely misses you.
The orc priest calls upon Beogh to heal the orc warrior.
The orc warrior is healed somewhat.
You block the orc's attack.
You hit the orc warrior but do no damage.
The orc warrior is heavily wounded.
You slash the orc!
You kill the orc!
Trog accepts your kill.
You hit the orc priest. You block the orc warrior's attack.
The orc priest calls down the wrath of Beogh upon you.
Beogh smites you!
You closely miss the orc warrior.
The orc warrior is heavily wounded.
Your shield and plate armour prevent you from hitting the orc priest.
The orc priest hits you but does no damage.
The orc warrior hits you with a glaive!
* * * LOW HITPOINT WARNING * * *
The orc priest calls down the wrath of Beogh upon you.
Beogh smites you!
You die...

#..#.....##.........
#######.###.........
#)# ##........ #.#
#####.### #.# #.#
#####.# #.# #.....#
#.. #.###.# ## #@#
### #oo)_.# #$....#
#.....# #.....#
#######


You could see an orc warrior and an orc priest.

Vanquished Creatures
  3 hippogriffs
  A water moccasin (D:7)
  2 sky beasts
  An ice beast (D:5)
  3 centaurs (D:5)
  5 ogres
  A bullfrog (D:8)
  A howler monkey (D:5)
  A crimson imp (D:8)
  2 bullfrog skeletons
  A centaur zombie (D:7)
  3 hounds
  3 jellies (D:8)
  2 centaur skeletons (D:7)
  3 orc priests
  Jessica (D:3)
  3 iguanas
  Natasha (thrice) (D:3)
  3 orc wizards
  4 worker ants
  3 hound skeletons
  11 adders
  2 shadow imps
  6 oozes
  A worm (D:6)
  3 dart slugs
  10 leopard geckos
  40 orcs
  6 bats
  2 giant cockroaches (D:6)
  2 gnoll zombies (D:2)
  9 goblins
  6 hobgoblins
  5 jackals (D:1)
  14 kobolds
  A quokka (D:3)
  4 frilled lizards
  A leopard gecko zombie (D:5)
  8 rats
180 creatures vanquished.

Notes
Turn   | Place    | Note
-------+----------+-------------------------------------------
     0 | D:1      | shmeve the Gargoyle Berserker began the quest for the Orb.
     0 | D:1      | Reached XP level 1. HP: 14/14 MP: 1/1
    96 | D:1      | Reached skill level 1 in Shields
   174 | D:1      | Reached XP level 2. HP: 13/19 MP: 2/2
   770 | D:1      | Reached XP level 3. HP: 20/23 MP: 3/3
   892 | D:1      | Reached ** piety under Trog
  1476 | D:2      | Found a sparkling altar of Nemelex Xobeh.
  1525 | D:2      | Reached XP level 4. HP: 29/29 MP: 4/4
  1665 | D:2      | Found a basalt altar of Yredelemnul.
  2266 | D:3      | Noticed a hippogriff
  2279 | D:3      | Killed a hippogriff
  2279 | D:3      | Reached XP level 5. HP: 18/34 MP: 5/5
  2279 | D:3      | Reached XP level 6. HP: 21/39 MP: 6/6
  2524 | D:3      | Noticed Jessica
  2548 | D:3      | Killed Jessica
  2790 | D:3      | Noticed Natasha
  2800 | D:3      | Killed Natasha
  2837 | D:3      | Noticed Natasha
  2869 | D:3      | Killed Natasha
  3193 | D:3      | Found a snail-covered altar of Cheibriados.
  3225 | D:3      | Found a burning altar of Makhleb.
  3225 | D:3      | Noticed a blizzard demon
  3326 | D:3      | Noticed Natasha
  3337 | D:3      | Killed Natasha
  3409 | D:3      | Reached XP level 7. HP: 40/44 MP: 7/7
  3415 | D:3      | Reached skill level 5 in Fighting
  3434 | D:3      | Found an iron altar of Okawaru.
  3953 | D:4      | Found a sacrificial altar of Ru.
  4429 | D:4      | Reached *** piety under Trog
  4834 | D:4      | Reached skill level 5 in Shields
  5036 | D:5      | Entered Level 5 of the Dungeon
  5097 | D:5      | Reached XP level 8. HP: 20/51 MP: 8/8
  5388 | D:5      | Reached skill level 5 in Axes
  5726 | D:5      | Found a staircase to the Ecumenical Temple.
  5831 | Temple   | Entered the Ecumenical Temple
  6399 | D:6      | Noticed a cyclops
  6400 | D:6      | Found a glowing silver altar of Zin.
  6402 | D:6      | Noticed a hippogriff
  6405 | D:6      | Found a transporter.
  6534 | D:6      | Found a shadowy altar of Dithmenos.
  6552 | D:6      | Found a transporter.
  6646 | D:6      | Found an ancient bone altar of Kikubaaqudgha.
  6666 | D:6      | Reached XP level 9. HP: 52/56 MP: 9/9
  6947 | D:6      | Found a deep blue altar of Sif Muna.
  7083 | D:7      | Reached **** piety under Trog
  7175 | D:7      | Found a hide-covered altar of Uskayaw.
  7516 | D:7      | Reached skill level 5 in Armour
  8106 | D:8      | Found a roughly hewn altar of Beogh.
  8117 | D:8      | Killed from afar by an orc priest

Skill      XL: |  1  2  3  4  5  6  7  8  9 |
---------------+----------------------------+-----
Shields        | 1 2 3 4 5 6 7 |  7.6
Axes           | 3 4 5 6 |  6.5
Fighting       | 4 5 6 7 |  7.8
Dodging        | 2 3 |  3.8
Armour         | 3 4 5 |  5.3

Action                   |  1- 3 |  4- 6 |  7- 9 || total
-------------------------+-------+-------+-------++-------
Melee: Hand axe          |   137 |   162 |   291 ||   590
       War axe           |       |       |   192 ||   192
Invok: Berserk           |       |     5 |     6 ||    11
       Trog's Hand       |       |     4 |       ||     4
       Burn Spellbooks   |       |       |     2 ||     2
  Eat: Chunk             |     2 |     7 |    19 ||    28
       Fruit             |       |     2 |     1 ||     3
       Royal jelly       |       |     1 |       ||     1
       Meat ration       |       |       |     1 ||     1
Armor: Animal skin       |    22 |       |       ||    22
       Chain mail        |    99 |   100 |   164 ||   363
       Plate armour      |       |       |    82 ||    82
Dodge: Dodged            |    98 |    38 |   119 ||   255
Block: Shield            |    57 |   100 |   272 ||   429
